 Dungeon Crawl Stone Soup version 0.30.1 (webtiles) character file.

Game seed: 1090858170802610031

789 ImCrs the Protected (level 7, 0/56 HPs)
             Began as a Gnoll Wanderer on July 13, 2023.
             Was a High Priest of Uskayaw.
             Slain by a vampire (3 damage)
             ... on level 5 of the Dungeon.
             The game lasted 00:38:52 (1990 turns).

ImCrs the Protected (Gnoll Wanderer)                Turns: 1990, Time: 00:38:55

Health: 0/56       AC: 11    Str: 13    XL:     7   Next: 87%
Magic:  11/11      EV:  8    Int: 10    God:    Uskayaw [*****.]
Gold:   258        SH:  0    Dex: 13    Spells: 11/11 levels left

rFire   . . .        n - +3 short sword (flame)
rCold   . . .        (no shield)
rNeg    . . .        w - +0 chain mail
rPois   .            (no helmet)
rElec   .            (no cloak)
rCorr   .            (no gloves)
SInv    .            (no boots)
Will    .....        (no amulet) Stlth
                     (no ring)
HPRegen 0.29/turn    (no ring)
MPRegen 0.12/turn

%: no passive effects
@: no status effects
A: fangs 1, strong nose, distributed training
a: Renounce Religion, Stomp, Line Pass, Grand Finale


You were on level 5 of the Dungeon.
You worshipped Uskayaw.
Uskayaw was noncommittal.
You visited 1 branch of the dungeon, and saw 5 of its levels.

You collected 258 gold pieces.

Inventory:

Hand Weapons
 a - a +0 sling
 d - a +0 dagger
 g - a +0 club
 l - a +0 sling
 n - a +3 short sword of flaming (weapon)
Missiles
 c - 23 boomerangs
 j - 10 stones
 s - 15 poisoned darts
Armour
 b - a +2 scale mail
 o - a +0 leather armour
 t - a +0 robe
 w - a +0 chain mail (worn)
Magical Staves
 C - a staff of cold
Wands
 A - a wand of roots (9)
 D - a wand of flame (7)
Scrolls
 h - 2 scrolls of vulnerability
 k - a scroll of magic mapping {unknown}
 r - 2 scrolls of blinking
 x - a scroll of fear {unknown}
 y - a scroll of fog {unknown}
 z - a scroll of silence {unknown}
 B - 2 scrolls of teleportation {unknown}
 E - a scroll of identify
Potions
 e - a potion of attraction
 f - 2 potions of magic
 i - a potion of brilliance {unknown}
 m - a potion of flight {unknown}
 p - 3 potions of invisibility (quivered) {unknown}
 q - a potion of cancellation {unknown}
 u - 5 potions of lignification {unknown}
 v - 5 potions of curing {unknown}


   Skills:
 + Level 5.4 Fighting
 + Level 2.9 Short Blades
 + Level 2.9 Long Blades
 + Level 2.9 Axes
 + Level 2.9 Maces & Flails
 + Level 2.9 Polearms
 + Level 2.9 Staves
 + Level 7.2 Ranged Weapons
 + Level 3.9 Throwing
 + Level 9.0 Armour
 + Level 2.9 Dodging
 + Level 2.9 Stealth
 + Level 2.9 Shields
 + Level 2.9 Unarmed Combat
 + Level 2.9 Spellcasting
 + Level 2.3 Conjurations
 + Level 2.3 Hexes
 + Level 2.3 Summonings
 + Level 2.3 Necromancy
 + Level 2.3 Translocations
 + Level 2.3 Transmutations
 + Level 2.3 Fire Magic
 + Level 2.3 Ice Magic
 + Level 2.3 Air Magic
 + Level 2.3 Earth Magic
 + Level 2.3 Poison Magic
 + Level 3.2 Invocations
 + Level 2.9 Evocations


You had 11 spell levels left.
You didn't know any spells.
Your spell library contained the following spells:

 Spells                   Type           Power      Damage    Failure   Level
 Apportation              Tloc           12%        N/A       80%         1
 Necrotise                Necr           24%        1d5       80%         1
 Summon Small Mammal      Summ           24%        N/A       80%         1


Dungeon Overview and Level Annotations

Branches:
Dungeon (5/15)
 Temple: D:4-7

Altars:
Dithmenos
Fedhas
Trog
Uskayaw


Innate Abilities, Weirdness & Mutations

You have very sharp teeth.
Your uncanny sense of smell can sniff out nearby items.
Your experience applies equally to all skills.


Message History

Something draws strength from your injuries!
Something hits you but does no damage.
You miss something. Something hits you but does no damage. Something bites you!
* * * LOW HITPOINT WARNING * * *
Something draws strength from your injuries!
Something hits you.
* * * LOW HITPOINT WARNING * * *
You hit something. You burn something. Something hits you.
* * * LOW HITPOINT WARNING * * *
Something hits you but does no damage. Something bites you but does no damage.
You can now merge with and destroy a victim.
Something hits you.
* * * LOW HITPOINT WARNING * * *
Something bites you!
* * * LOW HITPOINT WARNING * * *
Something draws strength from your injuries!
You feel less confused.
You see here a +0 club.
You see here a +0 dagger.
There is a strange disturbance nearby!
There is a strange disturbance nearby!
There is a strange disturbance nearby!
There is a strange disturbance nearby!
There is a strange disturbance nearby!
There is a strange disturbance nearby!
There is a strange disturbance nearby!
There is a strange disturbance nearby!
There is a strange disturbance nearby!
There is a strange disturbance nearby!
There is a strange disturbance nearby!
There is a strange disturbance nearby!
There is a strange disturbance nearby!
There is a strange disturbance nearby!
There is a strange disturbance nearby!
Aiming: Fastroot
Press: ? - help, Q - select action, (/) - cycle Shift-Dir - straight line The roots erupt in riotous growth!
You hear a shout!
Something hits you but does no damage. Something hits you.
You die...

.........<....#
...^..........#
..♣♣♣.......## ...
#♣.#....# .....#
♣.#....# .....#
#♣.#....# ....#
..♣♣♣....)..##....##
..........)..........
.......#..@..........
.......#...{.........
#......##..†.......#
#...... #.#'#.#....#
#......#..#.#.# ...#
#......#..#.#.. ..#
#..#.#... .#
#.##.##... # #. ...
.#+#


There were no monsters in sight!

Vanquished Creatures
  Sigmund (D:4)
  Eustachio (D:4)
  Blork the orc (D:4)
  A scorpion (D:5)
  A howler monkey (D:4)
  A hound (D:4)
  2 orc priests
  An iguana (D:5)
  9 adders
  3 gnolls (D:2)
  2 dart slugs
  11 orcs
  2 ball pythons
  3 bats
  9 endoplasms
  3 giant cockroaches
  6 goblins
  4 hobgoblins
  7 jackals
  2 quokkas
  A frilled lizard (D:1)
  3 kobolds
  3 rats
77 creatures vanquished.

Notes
Turn   | Place    | Note
-------+----------+-------------------------------------------
     0 | D:1      | ImCrs the Gnoll Wanderer began the quest for the Orb.
     0 | D:1      | ImCrs set off with the following items: a +0 sling, a +2
                  | scale mail, 10 boomerangs, a +0 dagger, a potion of
                  | attraction.
     0 | D:1      | Reached XP level 1. HP: 20/20 MP: 1/1
   246 | D:1      | Reached XP level 2. HP: 24/26 MP: 2/2
   310 | D:2      | Reached XP level 3. HP: 23/31 MP: 2/4
   312 | D:2      | Reached skill level 1 in Invocations
   336 | D:2      | Reached skill level 1 in Short Blades
   336 | D:2      | Reached skill level 1 in Long Blades
   336 | D:2      | Reached skill level 1 in Axes
   336 | D:2      | Reached skill level 1 in Maces & Flails
   336 | D:2      | Reached skill level 1 in Polearms
   336 | D:2      | Reached skill level 1 in Staves
   336 | D:2      | Reached skill level 1 in Dodging
   336 | D:2      | Reached skill level 1 in Stealth
   336 | D:2      | Reached skill level 1 in Shields
   336 | D:2      | Reached skill level 1 in Unarmed Combat
   336 | D:2      | Reached skill level 1 in Spellcasting
   336 | D:2      | Reached skill level 1 in Evocations
   373 | D:2      | Reached XP level 4. HP: 34/38 MP: 5/5
   467 | D:2      | Reached skill level 1 in Conjurations
   467 | D:2      | Reached skill level 1 in Hexes
   467 | D:2      | Reached skill level 1 in Summonings
   467 | D:2      | Reached skill level 1 in Necromancy
   467 | D:2      | Reached skill level 1 in Translocations
   467 | D:2      | Reached skill level 1 in Transmutations
   467 | D:2      | Reached skill level 1 in Fire Magic
   467 | D:2      | Reached skill level 1 in Ice Magic
   467 | D:2      | Reached skill level 1 in Air Magic
   467 | D:2      | Reached skill level 1 in Earth Magic
   467 | D:2      | Reached skill level 1 in Poison Magic
   488 | D:2      | Found a blossoming altar of Fedhas.
   916 | D:3      | Reached XP level 5. HP: 32/43 MP: 7/7
  1125 | D:3      | Noticed a +0 short sword
  1125 | D:3      | Noticed a +0 falchion
  1126 | D:3      | Noticed a +0 spear
  1126 | D:3      | Noticed a +0 dagger
  1127 | D:3      | Noticed a +0 dagger
  1127 | D:3      | Noticed a +0 spear
  1219 | D:3      | Noticed a +0 falchion
  1221 | D:3      | Noticed a +0 short sword
  1230 | D:3      | Found a hide-covered altar of Uskayaw.
  1239 | D:3      | Became a worshipper of Uskayaw the Reveller
  1247 | D:3      | Reached * piety under Uskayaw
  1306 | D:4      | Noticed Sigmund
  1313 | D:4      | Reached ** piety under Uskayaw
  1315 | D:4      | Killed Sigmund
  1315 | D:4      | Reached *** piety under Uskayaw
  1316 | D:4      | Reached skill level 5 in Fighting
  1316 | D:4      | Reached XP level 6. HP: 42/51 MP: 7/9
  1532 | D:4      | Noticed Eustachio
  1542 | D:4      | Reached **** piety under Uskayaw
  1545 | D:4      | Killed Eustachio
  1545 | D:4      | Reached ***** piety under Uskayaw
  1546 | D:4      | Reached XP level 7. HP: 28/56 MP: 10/10
  1558 | D:4      | Found a blossoming altar of Fedhas.
  1599 | D:4      | Noticed Blork the orc
  1618 | D:4      | Killed Blork the orc
  1619 | D:4      | Reached skill level 9 in Armour
  1764 | D:4      | Found a bloodstained altar of Trog.
  1943 | D:5      | Entered Level 5 of the Dungeon
  1956 | D:5      | Found a shadowy altar of Dithmenos.
  1974 | D:5      | Noticed a vampire
  1988 | D:5      | HP: 2/56 [something (8)]
  1990 | D:5      | Slain by a vampire

Illustrated notes

Levels and vault maps discovered:
D:1:      elethiomel_arrival_infinity_welcomes_careful_drivers,
          layout_loops_cross, serial_co_window_serial, co_window_paths_b,
          co_window_paths_b, co_window_corner_a, co_window_of_opportunity_a,
          co_window_paths_b, co_window_broadway_a, co_window_corner_ca,
          co_window_broadway_c, co_window_paths_c, co_window_paths_e,
          co_window_paths_d, glass_columns_b, glass_columns_b,
          serial_bayou_pond_b, chequers_serial_rivers_marsh
D:2:      layout_rooms, basic_altar, ebering_dispersal_statue_hall,
          columned_hall_lemuel, st_stairs_11, kennysheep_decorative_pillar
D:3:      layout_rooms, nicolae_uskayaw_en_pointe, kennysheep_cross_bottleneck,
          dreamdust_wishing_well
D:4:      layout_basic, ashenzari_conservatory_becter, bloody_trog,
          mainiacjoe_overflow_brackets, chequers_serial_rivers_small_3,
          hangedman_decor_growths, minivault_5, uniq_eustachio, uniq_sigmund,
          uniq_blork_the_orc
D:5:      layout_gridville, mainiacjoe_overflow_surrounded_room,
          nicolae_qazlal_eye_of_the_storm, tgw_kikubaaqudgha, serial_shops,
          nicolae_shop_advertising_works [nicolae_subvault_shop_adworks],
          minmay_stone_trees_small, uniq_edmund

Skill      XL: |  1  2  3  4  5  6  7 |
---------------+----------------------+-----
Invocations    | 1 2 3 |  3.2
Short Blades   | 1 2 |  2.9
Long Blades    | 1 2 |  2.9
Axes           | 1 2 |  2.9
Maces & Flails | 1 2 |  2.9
Polearms       | 1 2 |  2.9
Staves         | 1 2 |  2.9
Dodging        | 1 2 |  2.9
Stealth        | 1 2 |  2.9
Shields        | 1 2 |  2.9
Unarmed Combat | 1 2 |  2.9
Spellcasting   | 1 2 |  2.9
Evocations     | 1 2 |  2.9
Conjurations   | 1 2 |  2.3
Hexes          | 1 2 |  2.3
Summonings     | 1 2 |  2.3
Necromancy     | 1 2 |  2.3
Translocations | 1 2 |  2.3
Transmutations | 1 2 |  2.3
Fire Magic     | 1 2 |  2.3
Ice Magic      | 1 2 |  2.3
Air Magic      | 1 2 |  2.3
Earth Magic    | 1 2 |  2.3
Poison Magic   | 1 2 |  2.3
Throwing       | 3 |  3.9
Fighting       | 5 |  5.4
Ranged Weapons | 7 |  7.2
Armour         | 9 |  9.0

Action                     |  1- 3 |  4- 6 |  7- 9 || total
---------------------------+-------+-------+-------++-------
  Melee: Short sword       |    22 |   148 |    56 ||   226
         Bite              |     6 |    13 |     5 ||    24
         Punch             |       |     1 |     3 ||     4
   Fire: Sling             |    28 |       |       ||    28
  Evoke: Wand              |       |     2 |     3 ||     5
    Use: Scroll            |       |     3 |       ||     3
   Stab: Paralysed         |       |     1 |     3 ||     4
 Armour: Scale mail        |    34 |    64 |       ||    98
         Chain mail        |       |    47 |    28 ||    75
  Dodge: Dodged            |    15 |    63 |    22 ||   100
